Map: Frostline LE

Players

LiquidMaNa (MaNa)

  • Race: Protoss Protoss
  • League: Master
  • Spawn Location: 7:00

Spirit (souL) - Winner!

  • Race: Terran Terran
  • League: Master
  • Spawn Location: 1:00

VOD

Have the link to the VOD?

Description

Time

  • Played on: Jan. 9, 2025, 8:40 a.m.
  • Length: 7:50
Show
View Real Time Build Order
Export as new Build Order

LiquidMaNa Protoss 

Build Orders: 1 Gate Expand, Blink Stalkers 

Get SALT Encoding   

  12  0:00  Probe  
  13  0:12  Probe  
  14  0:17  Pylon  
  14  0:24  Probe  
  15  0:32  Probe  
  15  0:36  Gateway  
  15  0:40  Probe  
  16  0:47  Assimilator  
  17  0:51  Probe  
  18  1:03  Probe  
  19  1:16  Nexus  
  19  1:26  Cybernetics Core  
  19  1:29  Probe  
  20  1:41  Probe  
  20  1:45  Pylon  
  21  1:47  Assimilator  
  21  1:53  Probe, Adept  
  22  2:03  Warp Gate  
  22  2:06  Probe  
  25  2:18  Probe  
  25  2:21  Twilight Council  
  25  2:25  Probe  
  25  2:28  Blink  
  28  2:30  Probe  
  28  2:33  Stalker, Probe  
  29  2:42  Probe  
  29  2:43  Probe  
  32  2:54  Probe  
  32  2:55  Probe  
  34  3:04  Gateway  
  34  3:06  Probe  
  34  3:07  Probe  
  34  3:12  Gateway  
  36  3:21  Robotics Facility  
  36  3:22  Probe x2  
  36  3:25  Stalker  
  40  3:34  Probe x2  
  42  3:41  Pylon  
  42  3:46  Assimilator, Probe x2  
  44  4:00  Pylon  
  44  4:01  Stalker  
  46  4:05  Stalker  
  46  4:06  Stalker  
  52  4:10  Warp Prism  
  52  4:17  Pylon  
  52  4:19  Probe x2  
  54  4:29  Stalker x3  
  60  4:33  Probe  
  60  4:34  Probe  
  62  4:48  Pylon  
  62  4:53  Stalker x3  
  68  5:02  Observer  
  68  5:05  Nexus  
  69  5:16  Stalker x3  
  75  5:22  Charge  
  75  5:24  Pylon  
  59  5:39  Stalker x3  
  59  5:40  Probe x2  
  67  5:50  Forge  
  67  5:52  Gateway  
  67  5:54  Probe  
  67  5:55  Probe  
  67  6:10  Probe x2  
  67  6:13  Immortal  
  67  6:17  Stalker x3  
  67  6:23  Probe x2  
  73  6:28  Probe  
  73  6:30  Shield Battery  
  74  6:35  Probe  
  75  6:45  Sentry x2  
  75  6:46  Zealot  
  81  6:47  Probe x2  
  83  7:02  Immortal  
  84  7:08  Stalker x2  
  84  7:10  Zealot x2, Probe  
  84  7:11  Observer, Probe  
  84  7:12  Probe  
  95  7:17  Photon Cannon  
  95  7:19  Shield Battery  
  95  7:20  Gateway  
  95  7:22  Gateway  
  95  7:25  Gateway  
  93  7:33  Stalker x4  
Show
View Real Time Build Order
Export as new Build Order

Spirit Terran - Winner!

Build Orders:  

Get SALT Encoding   

  12  0:00  SCV  
  13  0:12  SCV  
  14  0:17  Supply Depot  
  14  0:24  SCV  
  15  0:38  SCV  
  15  0:39  Barracks  
  16  0:50  SCV  
  17  1:02  SCV  
  18  1:15  Command Center  
  18  1:17  SCV  
  19  1:26  Marine  
  19  1:29  Orbital Command  
  20  1:34  Refinery  
  20  1:43  Supply Depot  
  20  1:45  Marine  
  21  1:55  SCV  
  21  1:59  Barracks  
  22  2:02  Marine  
  22  2:07  SCV  
  24  2:12  Bunker  
  24  2:19  SCV  
  24  2:21  Barracks Reactor  
  25  2:27  Orbital Command  
  25  2:31  SCV  
  25  2:36  Barracks  
  26  2:43  SCV  
  27  2:45  Refinery  
  27  2:47  Barracks Tech Lab  
  27  2:53  SCV  
  27  2:55  SCV  
  29  2:59  Marine x2  
  29  3:02  Supply Depot  
  29  3:05  SCV  
  32  3:08  Stimpack, SCV  
  33  3:14  Marine  
  33  3:17  SCV  
  35  3:20  SCV  
  35  3:23  Barracks Tech Lab  
  35  3:26  Marine x2  
  37  3:29  SCV  
  37  3:30  Factory  
  37  3:32  SCV  
  39  3:39  Engineering Bay  
  39  3:41  SCV  
  40  3:43  Marine x2  
  40  3:44  SCV  
  40  3:46  Marine x2  
  45  3:53  SCV, Combat Shield  
  46  3:56  Refinery, SCV  
  46  4:01  Marine  
  46  4:02  Supply Depot  
  48  4:04  Marine  
  48  4:05  SCV  
  48  4:08  Marine, SCV  
  48  4:09  Marine  
  53  4:14  Supply Depot  
  53  4:17  SCV  
  53  4:19  Starport  
  53  4:20  Factory Reactor  
  53  4:24  SCV  
  55  4:28  Supply Depot  
  55  4:30  Marauder  
  57  4:32  Marauder  
  57  4:33  SCV  
  57  4:35  Marine  
  57  4:36  SCV  
  62  4:38  Marine  
  62  4:43  Refinery  
  62  4:45  SCV  
  64  4:48  SCV  
  64  4:50  Concussive Shells  
  64  4:52  Supply Depot  
  65  4:53  Supply Depot  
  65  4:57  SCV  
  66  5:00  SCV  
  66  5:02  Medivac x2  
  66  5:04  Marine x2  
  66  5:05  Marauder  
  75  5:09  Marauder  
  75  5:10  Factory Reactor  
  75  5:11  SCV  
  78  5:15  SCV  
  78  5:16  Supply Depot  
  78  5:20  Supply Depot, Terran Infantry Weapons Level 1  
  79  5:33  Marauder  
  79  5:34  Marine  
  78  5:36  Marine  
  78  5:37  Marauder  
  78  5:38  SCV  
  78  5:40  Medivac  
  78  5:41  Medivac  
  82  5:52  Marine  
  82  5:54  Widow Mine x2, Marine  
  82  5:55  Supply Depot, Marauder  
  90  5:57  Marine  
  87  6:10  Marine  
  86  6:12  Medivac  
  86  6:17  Widow Mine x2  
  92  6:19  Medivac  
  92  6:21  Command Center  
  92  6:24  Marine  
  92  6:25  Marauder  
  95  6:38  Marauder  
  95  6:39  Widow Mine  
  99  6:40  Supply Depot  
  99  6:41  Missile Turret  
  99  6:47  Marine  
  99  6:48  Marauder  
  99  6:49  Marine  
  99  6:52  Barracks  
  101  6:59  Marauder  
  103  7:05  Marine, SCV  
  105  7:09  SCV  
  105  7:10  Barracks  
  105  7:12  Widow Mine x2  
  105  7:13  Marauder  
  111  7:17  SCV  
  111  7:20  Missile Turret  
  111  7:21  SCV  
  113  7:25  Marine, Marauder  
  116  7:30  Marine  
  116  7:32  SCV  
Tags
 
Add a new tag
Caveats
  • Supply blocks, unpowered buildings, or Contaminate may cause inaccurate times.
  • Supply counts are checked every 10 seconds.